 Dungeon Crawl Stone Soup version 0.19-a0-1223-gf83d13a (webtiles) character file.

49921 Duffy the Cleaver (level 14, -16/110 HPs)
             Began as a Mummy Gladiator on Aug 24, 2016.
             Was the Champion of Cheibriados.
             Engulfed by a cloud of flame (20 damage)
             ... on level 6 of the Lair of Beasts.
             The game lasted 00:25:40 (19065 turns).

Duffy the Cleaver (Mummy Gladiator)                Turns: 19065, Time: 00:25:41

Health: -16/110    AC: 26    Str: 38    XL:     14   Next: 17%
Magic:  8/20       EV: 10    Int: 22    God:    Cheibriados [******]
Gold:   1236       SH: 13    Dex: 28    Spells: 1 memorised, 9 levels left

rFire  . . .     SeeInvis .     a - +1 war axe (flame)
rCold  . . .     Gourm    .     f - +0 plate armour
rNeg   + + +     Faith    .     s - +2 shield {reflect}
rPois  ∞         Spirit   .     c - +0 helmet
rElec  .         Dismiss  .     n - +2 cloak
rCorr  .         Reflect  +     r - +0 pair of gloves
MR     +....     Harm     .     y - +1 pair of boots
Stlth  ..........               (no amulet)
                                i - +5 ring of protection
                                m - ring of fire

@: drained, very slow
A: no food or potions, fire vulnerability, cold resistance 1, negative energy
resistance 3, torment resistance, unbreathing, in touch with death 1
a: Bend Time, Temporal Distortion, Slouch, Step From Time, Renounce Religion


You were on level 6 of the Lair of Beasts.
You worshipped Cheibriados.
Cheibriados was exalted by your worship.
You were not hungry.

You visited 3 branches of the dungeon, and saw 18 of its levels.
You also visited: Ossuary.

You collected 1236 gold pieces.

Inventory:

Hand Weapons
 a - a +1 war axe of flaming (weapon)
 p - a +0 broad axe
 x - a +1 battleaxe
Missiles
 d - 2 throwing nets (quivered)
Armour
 c - a +0 helmet (worn)
 f - a +0 plate armour (worn)
 n - a +2 cloak (worn)
 r - a +0 pair of gloves (worn)
 s - a +2 shield of reflection (worn)
 y - a +1 pair of boots (worn)
Jewellery
 i - a +5 ring of protection (right hand)
 m - a ring of fire (left hand)
 A - an uncursed ring of resist corrosion
 D - an uncursed ring of protection from magic
 E - an uncursed ring of protection from magic
Wands
 e - a wand of lightning (0/15)
 j - a wand of polymorph (11/24)
 o - a wand of slowing (31/48)
 t - a wand of teleportation (3/9)
 w - a wand of iceblast (2/15)
 B - a wand of iceblast (6/15)
 F - a wand of iceblast (9/15)
 G - a wand of paralysis (14/24)
 H - a wand of disintegration (11/24)
 I - a wand of paralysis (3/24)
 J - a wand of flame (21/48)
 K - a wand of polymorph (15/24)
 L - a wand of lightning (13/15)
 M - a wand of paralysis (17/24)
Scrolls
 b - a scroll of summoning
 g - 7 scrolls of remove curse
 h - 4 scrolls of blinking
 k - 5 scrolls of identify
 l - 4 scrolls of teleportation
 q - 6 scrolls of recharging
 u - 7 scrolls of enchant armour
 v - 2 scrolls of magic mapping
 C - a scroll of silence
 N - 2 scrolls of fog
 O - a scroll of fear


   Skills:
 + Level 10.2(9.0) Fighting
 + Level 13.1(11.8) Axes
 - Level 1.5(0.6) Throwing
 + Level 8.9(7.8) Armour
 + Level 6.6(5.5) Dodging
 - Level 9.0(7.8) Invocations
 - Level 5.0(4.0) Evocations


You had 9 spell levels left.
You knew the following spells:

 Your Spells              Type           Power        Failure   Level  Hunger
g - Passage of Golubria   Tloc           N/A          100%        4    N/A

Dungeon Overview and Level Annotations

Branches:
Dungeon (11/15)            Temple (1/1) D:7            Lair (6/6) D:11
  Swamp (0/4) Lair:3       Spider (0/4) Lair:3        Slime (0/5) Lair:5
    Orc (0/2) D:9

Altars:
Ashenzari
Cheibriados
Dithmenos
Elyvilon
Fedhas
Gozag
Hepliaklqana
Kikubaaqudgha
Makhleb
Nemelex Xobeh
Okawaru
Qazlal
Ru
Sif Muna
Trog
Uskayaw
Vehumet
Xom
Yredelemnul
Zin
The Shining One


Innate Abilities, Weirdness & Mutations

You do not eat or drink.
Your flesh is vulnerable to fire.
You are immune to poison.
Your flesh is cold resistant. (rC+)
You are immune to negative energy. (rN+++)
You are immune to unholy pain and torment.
You can survive without breathing.
You are in touch with the powers of death.


Message History

The fire crab bites you!
You are engulfed in flames!
The fire crab misses you.
Your shield and plate armour prevent you from hitting the fire crab.
The fire crab is heavily wounded.
The fire crab breathes flames at you. The blast of flame engulfs you!
You hit the fire crab.
The fire crab is heavily wounded.
You are engulfed in roaring flames.
The fire crab breathes flames at you. The blast of flame engulfs you!
You slash the fire crab!
The fire crab is almost dead.
You are engulfed in roaring flames.
The fire crab breathes flames at you. The blast of flame engulfs you!
You can feel time thicken for a moment.
You kill the fire crab!
Cheibriados thoroughly appreciates the change of pace.
You are engulfed in roaring flames.
You die...

.. ....#.## .#
.......# # #......##
#........ .....[...
#........ ##
##.......# #.##
##@........ #..#
#.#......## .##
##.......# %.#####
##....#### ...##.#
##%%....## .....(###
####..%..P.)#
.#....#.#
#P.#..%...P##
##.[...#
##P.<......##
##....###.........##


There were no monsters in sight!

Vanquished Creatures
  6 hydras
  A catoblepas (Lair:4)
  A tengu warrior (D:8)
  8 death yaks
  A fire crab (Lair:6)
  2 unseen horrors
  A hill giant (D:10)
  An ugly thing (D:11)
  A griffon (Lair:6)
  14 elephants
  2 black mambas
  5 torpor snails
  11 spiny frogs
  2 gargoyles
  4 komodo dragons
  3 trolls
  5 blink frogs
  8 slime creatures
  A meliai zombie (D:6)
  3 redbacks (Lair:3)
  2 shadows
  34 yaks
  Eustachio (D:6)
  2 wyverns
  5 hippogriffs
  2 hungry ghosts
  4 basilisks
  A mottled dragon (D:11)
  10 porcupines
  12 water moccasins
  Duvessa (D:7)
  3 orc warriors
  3 sky beasts
  4 phantoms
  A black bear (D:7)
  4 ice beasts
  16 wolves
  3 necrophages
  6 ogres
  7 centaurs
  9 crocodiles
  2 big kobolds
  2 elf zombies (Ossuary)
  25 giant frogs
  A gnoll sergeant (D:10)
  A wyvern skeleton (D:10)
  A water moccasin zombie (D:6)
  4 scorpions
  Dowan (D:7)
  12 killer bees
  3 spriggan skeletons (D:9)
  13 wights
  2 electric eels (Lair:3)
  8 howler monkeys
  3 crimson imps
  A giant frog zombie (D:10)
  2 centaur zombies
  3 human zombies (Ossuary)
  2 orc priests
  4 giant frog skeletons
  8 hounds
  6 jellies
  8 orc wizards
  3 centaur skeletons
  9 iguanas
  10 worker ants
  21 sheep
  5 big kobold zombies (Ossuary)
  3 hound zombies
  3 mummies (Ossuary)
  10 gnolls
  13 adders
  48 river rats
  A shadow imp (D:7)
  An ooze (D:7)
  An adder skeleton (D:5)
  3 adder zombies
  3 worms
  8 giant geckos
  35 orcs
  3 giant cockroaches
  8 goblins
  5 hobgoblins
  8 jackals
  5 quokkas
  2 ball pythons
  8 bats
  A giant gecko zombie (D:5)
  3 giant newts
  2 goblin zombies (Ossuary)
  4 hobgoblin zombies (Ossuary)
  7 jackal zombies
  8 kobolds
  A kobold zombie (Ossuary)
  3 quokka zombies
  10 rats
  6 rat zombies (Ossuary)
  6 fungi
  4 plants
  A withered plant (D:6)
594 creatures vanquished.

Vanquished Creatures (others)
  A blink frog (Lair:6)
  A centaur (D:8)
  An orc (D:9)
  10 fungi
  4 plants
17 creatures vanquished.

Grand Total: 611 creatures vanquished

Notes
Turn   | Place    | Note
-------+----------+-------------------------------------------
     0 | D:1      | Duffy the Mummy Gladiator began the quest for the Orb.
     0 | D:1      | Reached XP level 1. HP: 16/16 MP: 1/1
   488 | D:1      | Reached XP level 2. HP: 22/22 MP: 2/2
   865 | D:1      | Reached skill level 1 in Armour
  1139 | D:1      | Reached skill level 3 in Axes
  1431 | D:2      | Reached XP level 3. HP: 22/27 MP: 3/3
  1876 | D:2      | Reached XP level 4. HP: 33/33 MP: 4/4
  2289 | D:3      | Reached skill level 4 in Axes
  2448 | D:3      | Found a basalt altar of Yredelemnul.
  2539 | D:3      | Reached XP level 5. HP: 38/38 MP: 5/5
  2805 | D:4      | Noticed a phantom
  2864 | D:3      | Killed a phantom
  3078 | D:4      | Reached XP level 6. HP: 31/44 MP: 3/6
  3788 | D:4      | Found a hazy altar of Hepliaklqana.
  3790 | D:4      | Found an ancient bone altar of Kikubaaqudgha.
  4149 | D:5      | Entered Level 5 of the Dungeon
  4288 | D:5      | Found a deep blue altar of Sif Muna.
  4359 | D:5      | Reached skill level 5 in Axes
  4780 | D:6      | Reached XP level 7. HP: 45/50 MP: 7/7
  4904 | D:6      | Noticed Eustachio
  4922 | D:6      | Killed Eustachio
  4922 | D:6      | Reached skill level 6 in Axes
  5250 | D:6      | Reached XP level 8. HP: 53/56 MP: 8/8
  5312 | D:6      | Reached skill level 7 in Axes
  5352 | D:6      | Found a sacrificial altar of Ru.
  5739 | D:7      | Reached skill level 8 in Axes
  5826 | D:7      | Found a staircase to the Ecumenical Temple.
  5835 | Temple   | Entered the Ecumenical Temple
  6057 | Temple   | Became a worshipper of Cheibriados the Contemplative
  6240 | D:7      | Reached skill level 5 in Fighting
  6368 | D:7      | Reached XP level 9. HP: 59/69 MP: 7/9
  6479 | D:7      | Noticed Duvessa
  6586 | D:7      | Noticed Dowan
  6605 | D:7      | Killed Dowan
  6607 | D:7      | Killed Duvessa
  6607 | D:7      | Reached * piety under Cheibriados
  6607 | D:7      | Reached skill level 5 in Armour
  7199 | D:7      | Found an opulent altar of Gozag.
  7376 | D:8      | Found a hide-covered altar of Uskayaw.
  7398 | D:8      | Reached skill level 9 in Axes
  7419 | D:8      | Noticed a tengu warrior
  7430 | D:8      | Killed a tengu warrior
  7439 | D:8      | Reached skill level 10 in Axes
  7446 | D:8      | Reached XP level 10. HP: 60/76 MP: 7/10
  7451 | D:8      | Reached ** piety under Cheibriados
  7607 | D:8      | Found a sand-covered staircase.
  7623 | Ossuary  | Entered an ossuary
  7791 | Ossuary  | Reached *** piety under Cheibriados
  8079 | D:8      | Reached skill level 1 in Invocations
  8593 | D:8      | You fall through a shaft!
  8612 | D:9      | Reached **** piety under Cheibriados
  8822 | D:9      | Found a staircase to the Orcish Mines.
  8903 | D:9      | Killed an unseen horror
  8903 | D:9      | Reached skill level 11 in Axes
  9295 | D:9      | Reached ***** piety under Cheibriados
  9297 | D:9      | Reached XP level 11. HP: 49/84 MP: 7/13
 10060 | D:10     | Entered Level 10 of the Dungeon
 10375 | D:10     | Noticed a hill giant
 10430 | D:10     | Killed a hill giant
 11180 | D:11     | Reached skill level 5 in Invocations
 11238 | D:11     | Killed an unseen horror
 11741 | D:11     | Noticed a cyan ugly thing
 11751 | D:11     | Killed a cyan ugly thing
 11813 | D:11     | Reached ****** piety under Cheibriados
 12344 | D:11     | Reached skill level 12 in Axes
 12734 | D:11     | Found a staircase to the Lair.
 12762 | Lair:1   | Entered Level 1 of the Lair of Beasts
 12804 | Lair:1   | Reached XP level 12. HP: 87/92 MP: 17/17
 13011 | Lair:1   | Learned a level 4 spell: Passage of Golubria
 13425 | Lair:1   | Noticed an eight-headed hydra
 13436 | Lair:1   | Killed a four-headed hydra
 13436 | Lair:1   | Reached skill level 1 in Evocations
 14004 | Lair:2   | Reached skill level 5 in Evocations
 14499 | Lair:3   | Noticed an eight-headed hydra
 14505 | Lair:3   | Killed a five-headed hydra
 14816 | Lair:3   | Found a hole to the Spider Nest.
 14949 | Lair:3   | Gained mutation: You are in touch with the powers of death. [Mummy growth]
 14949 | Lair:3   | Reached XP level 13. HP: 94/99 MP: 16/19
 15076 | Lair:3   | Found a staircase to the Swamp.
 16923 | Lair:4   | Reached skill level 5 in Dodging
 17481 | Lair:5   | Found a staircase to the Slime Pits.
 18240 | Lair:6   | Entered Level 6 of the Lair of Beasts
 18595 | Lair:6   | Reached skill level 13 in Axes
 18595 | Lair:6   | Reached XP level 14. HP: 72/109 MP: 7/20
 18595 | Lair:6   | Reached skill level 10 in Fighting
 19064 | Lair:6   | HP: 4/110 [fire crab/blast of flame (8)]
 19065 | Lair:6   | Engulfed by a cloud of flame

Vault maps used:
D:1:      dpeg_arrival_radiant, minivault_14
D:2:      first_bread
D:3:      lemuel_doored_altar
D:4:      grunt_temple_overflow_open, patterned_corridor
D:5:      lemuel_blue_sif_altar
D:6:      old_standard_altar, serial_undead, serial_undead_d, serial_undead_e,
          serial_undead_b, serial_undead_b, uniq_eustachio
D:7:      kennysheep_little_box, uniq_duvessa
D:8:      hangedman_cross_stitches, lemuel_crystal_altar,
          nicolae_ossuary_entry_false_entrances
D:9:      orc_0_dummy, hangedman_tell_no_tales
D:11:     erik_lair_dragon, blue_anna_alchemist, minmay_misc_feat_room
Temple:   dpeg_chambers_temple
Lair:2:   beast_lair_carwin_3
Lair:3:   swamp_mist_pool, spider_nest_entry_webs
Lair:5:   minmay_slime_entry_pillars, cheibrodos_lair_reptile_den,
          infiniplex_staircase_pool
Lair:6:   evilmike_catoblepas_cave, lemuel_fruit_fields, serial_bayou_shore_b
Ossuary:  minmay_ossuary_two_tombs

Skill      XL: |  1  2  3  4  5  6  7  8  9 10 11 12 13 14 |
---------------+-------------------------------------------+-----
Armour         | 1 2 3 4 5 6 7 8 |  8.9
Axes           | 3 4 5 6 8 10 11 12 13 | 13.1
Fighting       | 5 7 8 9 10 | 10.2
Invocations    | 3 7 9 |  9.0
Evocations     | 5 |  5.0
Dodging        | 3 6 |  6.6
Throwing       | |  1.5

Action                   |  1- 3 |  4- 6 |  7- 9 | 10-12 | 13-15 || total
-------------------------+-------+-------+-------+-------+-------++-------
Melee: War axe           |   157 |   191 |   255 |   863 |   401 ||  1867
       Hand axe          |       |       |    44 |       |       ||    44
Throw: Throwing net      |       |     4 |       |       |       ||     4
Invok: Slouch            |       |       |       |     1 |     4 ||     5
       Temporal Distorti |       |       |       |       |     2 ||     2
Evoke: Wand              |       |       |       |     6 |     4 ||    10
  Use: Scroll            |       |     8 |     2 |     8 |     4 ||    22
 Stab: Distracted        |       |       |       |     1 |       ||     1
Armor: Plate armour      |   171 |   171 |   278 |   529 |   190 ||  1339
       Leather armour    |     3 |       |       |       |       ||     3
Dodge: Dodged            |    73 |    75 |   142 |   217 |   145 ||   652
Block: Shield            |       |       |       |   503 |   296 ||   799
       Reflection        |       |       |       |    20 |       ||    20
